 Dungeon Crawl Stone Soup version 0.27-a0-906-g0a00ce863d (webtiles) character file.

Game seed: 1982346087891416440

11 Alarkh the Insei (level 2, 19/22 HPs)
             Began as a Demonspawn Gladiator on Apr 6, 2021.
             Got out of the dungeon alive.
             The game lasted 00:00:20 (293 turns).

Alarkh the Insei (Demonspawn Gladiator)              Turns: 293, Time: 00:00:20

Health: 19/22      AC:  3    Str: 14    XL:     2   Next: 13%
Magic:  2/2        EV: 12    Int:  9    God:
Gold:   0          SH:  0    Dex: 14    Spells: 1/1 levels left

rFire    . . .     SeeInvis .     - Unarmed
rCold    . . .     Faith    .   (no shield)
rNeg     . . .     Spirit   .   a - +0 leather armour
rPois    .         Reflect  .   (helmet restricted)
rElec    .         Harm     .   (no cloak)
rCorr    .         Rampage  .   (no gloves)
Will     .....                  (no boots)
Stlth    +.........             (no amulet)
HPRegen  0.07/turn              (no ring)
MPRegen  0.08/turn              (no ring)

@: no status effects
A: antennae 1
a: no special abilities


You escaped.
You visited 1 branch of the dungeon, and saw 1 of its levels.

Inventory:

Missiles
 c - 3 throwing nets (quivered)
Armour
 a - a +0 leather armour (worn)
 b - a +0 helmet
Scrolls
 d - a scroll of holy word {unknown}


   Skills:
 + Level 2.3 Fighting
 - Level 1.7 Throwing
 - Level 2.6 Dodging
 * Level 3.1 Unarmed Combat


You had one spell level left.
You didn't know any spells.
Your spell library was empty.

Dungeon Overview and Level Annotations

Branches:
Dungeon (1/15)

Altars:


Innate Abilities, Weirdness & Mutations

You have a pair of small antennae on your head.


Message History

You hit the bat.
You kill the bat!
You hit the ball python but do no damage.
Your punch misses the ball python. The ball python barely misses you.
The ball python grabs you. The ball python constricts you.
You hit the ball python.
You kill the ball python!
You have reached level 2!
Your demonic ancestry asserts itself...
A pair of antennae grows on your head!
Your +0 helmet falls away!
Found 8 javelins.
Found a stone staircase leading down.
Found a plate armour.
A dart slug comes into view.
You can't go up here!
You see here a +0 plate armour.
You hit the dart slug.
The dart slug is heavily wounded.
The dart slug launches a dart at you. The slug dart hits you.
You hit the dart slug.
You kill the dart slug!
No target in view!
No target in view!
No target in view!
No target in view!
No target in view!
No target in view!
No target in view!
No target in view!
(D) Dungeon
Where to? (Enter - D:1 @ (x,y), ? - help)
You enter the shallow water.
Moving in this stuff is going to be slow.
You enter the shallow water.
Moving in this stuff is going to be slow.
There is a staircase leading out of the dungeon here.
Are you sure you want to leave the Dungeon?
This will make you lose the game!
You have escaped!

.....##..# #.#.##....####..#.....
.....##..# #.#.##..#.# #........
.........♣♣♣.......#.# #.###....
.....#♣♣♣♣.♣♣♣♣###.#.####......#.
#####♣♣≈≈≈≈≈≈≈♣♣.......###......>
♣♣≈♣♣♣♣♣♣♣≈♣♣................
♣♣≈♣♣≈≈≈≈.♣≈.♣♣.#...........#.
♣≈♣♣≈♣♣♣≈♣♣≈♣♣♣.#.#.#####.....
♣≈♣≈≈♣.♣≈♣≈♣♣@♣.###.##.....[#.
♣♣≈♣≈♣≈≈≈≈♣≈♣≈≈♣......#......#.
♣.≈♣≈♣≈♣.♣≈≈♣≈♣♣..##.........#.
♣♣≈♣≈♣≈♣♣♣≈♣♣≈♣..............#.
♣≈♣≈♣♣≈≈≈♣♣≈♣♣...##.#...#.###.
♣≈♣♣≈♣♣♣♣♣≈♣♣.♣#.##.#.........
♣♣≈♣♣≈≈≈≈≈♣♣.♣♣#.####......###
♣♣≈♣♣♣♣♣♣♣≈♣♣ #.# ##..#..#
♣♣≈≈≈≈≈≈.♣♣ #.. ........


There were no monsters in sight!

Vanquished Creatures
  2 dart slugs (D:1)
  An endoplasm (D:1)
  A giant cockroach (D:1)
  2 ball pythons (D:1)
  2 bats (D:1)
8 creatures vanquished.

Vanquished Creatures (others)
  7 toadstools (D:1)
7 creatures vanquished.

Grand Total: 15 creatures vanquished

Notes
Turn   | Place    | Note
-------+----------+-------------------------------------------
     0 | D:1      | Alarkh the Demonspawn Gladiator began the quest for the
                  | Orb.
     0 | D:1      | Reached XP level 1. HP: 16/16 MP: 1/1
   171 | D:1      | Reached skill level 3 in Unarmed Combat
   209 | D:1      | Gained mutation: You have a pair of small antennae on your
                  | head. [demonic ancestry]
   209 | D:1      | Reached XP level 2. HP: 15/22 MP: 2/2
   293 | D:$      | Got out of the dungeon alive.

Illustrated notes

Levels and vault maps discovered:
D:1:      nagdon_arrival_double_spiral, layout_basic

Skill      XL: |  1 |
---------------+----+-----
Unarmed Combat | 3 |  3.1
Fighting       | |  2.3
Throwing       | |  1.7
Dodging        | |  2.6

Action                   || total
-------------------------++-------
Melee: Unarmed           ||    21
       Punch             ||     2
Armor: Leather armour    ||     6
Dodge: Dodged            ||    20

Table legend: (Time is in decaauts)
 A = Elapsed time spent in this place.
 B = Non-inter-level travel time spent in this place.
 C = Inter-level travel time spent in this place.
 D = Time resting spent in this place.
 E = Time spent auto-exploring this place.
 F = Levels seen in this place.
 G = Mean time per level.
                   A        B        C        D        E       F      G
               +--------+--------+--------+--------+--------+-----+--------+
         Total |    358 |    250 |    108 |      0 |    195 |   1 |  358.0 |
       Dungeon |    358 |    250 |    108 |      0 |    195 |   1 |  358.0 |
               +--------+--------+--------+--------+--------+-----+--------+

Top non-repeatable levels by time:
     D:1: 358 daAuts
